 Dungeon Crawl Stone Soup version 0.29-a0-321-gf1c400731a (webtiles) character file.

Game seed: 6809910888630470879

79 Rohain the Skirmisher (level 4, -1/35 HPs)
             Began as a Demonspawn Abyssal Knight on Apr 4, 2022.
             Was a Priest of Lugonu.
             Slain by a gnoll
             ... wielding a +3 halberd
              (14 damage)
             ... on level 3 of the Dungeon.
             The game lasted 00:02:43 (2386 turns).

Rohain the Skirmisher (Demonspawn Abyssal Knight)   Turns: 2386, Time: 00:02:43

Health: -1/35      AC:  5    Str: 15    XL:     4   Next: 16%
Magic:  6/6        EV: 11    Int: 11    God:    Lugonu [***...]
Gold:   167        SH:  0    Dex: 14    Spells: 3/3 levels left

rFire   . . .      SeeInvis .   a - +2 spear
rCold   . . .      Faith    .   (no shield)
rNeg    . . .      Spirit   .   b - +0 leather armour
rPois   .          Reflect  .   l - +1 helmet
rElec   .          Harm     .   f - scarf {+Inv}
rCorr   .          Rampage  .   (no gloves)
Will    .....                   (no boots)
Stlth   +.........              (no amulet)
HPRegen 0.11/turn               (no ring)
MPRegen 0.10/turn               (no ring)

@: no status effects
A: hooves 1, foul stench 1, weakness stinger 1
a: Renounce Religion, Evoke Invisibility, Depart the Abyss, Bend Space, Banish


You were on level 3 of the Dungeon.
You worshipped Lugonu.
Lugonu was most pleased with you.
You visited 1 branch of the dungeon, and saw 3 of its levels.
You visited the Abyss 1 time.

You collected 167 gold pieces.

Inventory:

Hand Weapons
 a - a +2 spear (weapon)
Armour
 b - a +0 leather armour (worn)
 f - a scarf of invisibility (worn)
 l - a +1 helmet (worn)
Scrolls
 c - 3 scrolls of identify
 d - 3 scrolls of enchant weapon
 i - a scroll of blinking {unknown}
 k - 2 scrolls of teleportation {unknown}
Potions
 e - a potion of heal wounds {unknown}
 g - a potion of magic {unknown}
 h - 2 potions of resistance {unknown}
 j - a potion of might {unknown}
 m - a potion of curing {unknown}


   Skills:
 + Level 3.4 Fighting
 * Level 2.6 Polearms
 + Level 2.1 Armour
 + Level 1.6 Dodging
 + Level 3.3 Invocations


You had 3 spell levels left.
You didn't know any spells.
Your spell library contained the following spells:

 Spells                   Type           Power      Damage    Failure   Level
 Scorch                   Fire           0%         2d5       54%         2
 Confusing Touch          Hex            0%         N/A       78%         3
 Gell's Gravitas          Tloc           0%         N/A       78%         3
 Lesser Beckoning         Tloc           0%         N/A       78%         3
 Teleport Other           Tloc           0%         N/A       78%         3
 Flame Wave               Conj/Fire      0%         2d4       99%         4
 Yara's Violent Unravell  Hex/Tmut       0%         3d3       100%        5
 Summon Cactus Giant      Summ           0%         N/A       100%        6
 Enfeeble                 Hex            0%         N/A       100%        7


Dungeon Overview and Level Annotations

Branches:
Dungeon (3/15)

Altars:
Trog


Innate Abilities, Weirdness & Mutations

You have large cloven feet.
You may rarely emit foul miasma when damaged in melee.
You have a small tail.


Message History

There is an open door here.
You open the door.
Found a club.
There is an open door here.
You open the door.
There is an open door here.
You open the door.
There is an open door here.
You open the door. 4 gnolls come into view.
There is an open door here.
The helpless gnoll fails to defend itself.
You hit the gnoll. You kick the gnoll. You tail-slap the gnoll.
The gnoll is heavily wounded.
The gnoll shouts! x2
A rat comes into view.
The gnoll hits you with a +0 club.
The gnoll hits you from afar with a +0 halberd.
The gnoll attacks as you move away! The gnoll hits you with a +0 flail!
You hit the gnoll. Your kick misses the gnoll.
You tail-slap the gnoll, but do no damage.
The gnoll is severely wounded.
The gnoll barely misses you.
The gnoll hits you from afar with a +0 halberd!
There is an open door here.
There is an open door here.
There is an open door here.
You open the door. The gnoll closely misses you.
The gnoll attacks as you move away! The gnoll hits you but does no damage.
There is an open door here.
The gnoll attacks as you move away! The gnoll hits you with a +0 club.
The gnoll attacks as you move away! The gnoll closely misses you.
You open the door.
A gnoll opens the door.
The gnoll closely misses you.
A gnoll opens the door.
The gnoll attacks as you move away! The gnoll closely misses you.
There is an open door here.
The gnoll attacks as you move away! The gnoll closely misses you.
You open the door. The gnoll closely misses you.
The gnoll hits you from afar with a +3 halberd!
You die...

#####.#..#'###+#..#.######
#.#..#.....#..#.#
#.+..'.._..+..+.#
#.#..#...g.#..###
#.#.†#g###'#..#
#.#..#.....#..#
#.'##'##'##g##+
###.....#...g.#
#.....#.g.@.# ###
###'##+##'###
..######........#
#........########
##########


You could see 4 gnolls.

Vanquished Creatures
  An adder (D:3)
  2 worms (D:2)
  2 dart slugs
  An orc (D:3)
  6 ball pythons
  5 endoplasms
  2 giant cockroaches (D:2)
  8 goblins
  5 hobgoblins
  4 jackals (D:3)
  3 kobolds (D:1)
  2 quokkas
  5 bats
  4 frilled lizards
  3 rats
53 creatures vanquished.

Notes
Turn   | Place    | Note
-------+----------+-------------------------------------------
     0 | Abyss:1  | Rohain the Demonspawn Abyssal Knight began the quest for
                  | the Orb.
     0 | Abyss:1  | Reached XP level 1. HP: 18/18 MP: 2/2
    17 | D:1      | Escaped the Abyss
    46 | D:1      | Reached skill level 1 in Dodging
   271 | D:1      | Discovered your monstrous ancestry.
   271 | D:1      | Gained mutation: You have large cloven feet. [demonic
                  | ancestry]
   271 | D:1      | Reached XP level 2. HP: 18/24 MP: 3/3
   613 | D:1      | Found a faded altar of an unknown god.
   918 | D:2      | Gained mutation: You have a small tail. [demonic ancestry]
   918 | D:2      | Reached XP level 3. HP: 25/29 MP: 5/5
   969 | D:2      | Reached *** piety under Lugonu
  1965 | D:3      | Gained mutation: You may rarely emit foul miasma when
                  | damaged in melee. [demonic ancestry]
  1965 | D:3      | Reached XP level 4. HP: 35/35 MP: 6/6
  2340 | D:3      | Found a bloodstained altar of Trog.
  2386 | D:3      | Slain by a gnoll

Illustrated notes

Levels and vault maps discovered:
D:1:      erik_arrival_orb_chamber, layout_basic,
          dreamdust_ecumenical_altar_grove
D:2:      layout_basic, minmay_fractal_squares_5
D:3:      layout_loops_ring, mainiacjoe_overflow_24_doors

Skill      XL: |  1  2  3 |
---------------+----------+-----
Dodging        | 1 |  1.6
Polearms       | 2 |  2.6
Armour         | 2 |  2.1
Invocations    | 3 |  3.3
Fighting       | |  3.4

Action                   |  1- 3 |  4- 6 || total
-------------------------+-------+-------++-------
Melee: Spear             |   140 |    21 ||   161
       Kick              |    20 |     6 ||    26
       Tailslap          |     2 |     4 ||     6
  Use: Scroll            |     3 |       ||     3
       Potion            |     1 |       ||     1
 Stab: Sleeping          |     1 |     2 ||     3
       Distracted        |       |     1 ||     1
Armor: Leather armour    |    28 |     5 ||    33
Dodge: Dodged            |    64 |    15 ||    79

Table legend: (Time is in decaauts)
 A = Elapsed time spent in this place.
 B = Non-inter-level travel time spent in this place.
 C = Inter-level travel time spent in this place.
 D = Time resting spent in this place.
 E = Time spent auto-exploring this place.
 F = Levels seen in this place.
 G = Mean time per level.
                   A        B        C        D        E       F      G
               +--------+--------+--------+--------+--------+-----+--------+
         Total |   2383 |   2334 |     49 |     86 |   1873 |   4 |  595.8 |
       Dungeon |   2366 |   2317 |     49 |     86 |   1861 |   3 |  788.7 |
         Abyss |     17 |     17 |      0 |      0 |     12 |   1 |   17.0 |
               +--------+--------+--------+--------+--------+-----+--------+

Top non-repeatable levels by time:
     D:1: 881 daAuts
     D:3: 786 daAuts
     D:2: 697 daAuts
 Abyss:1: 17 daAuts
